AoeStats
← Obelix

Arabia

507842333Analyzed
1v1 RM · 13d ago on Sep 19, 2026· 35m 54s· 2 players
Game mode
Random Map
Map size
Tiny (2 player)
Population
200
Speed
Normal
Resources
Standard
Victory
Conquest
Starting age
Dark Age
Ending age
Imperial Age
RankedLock teamsTeams togetherTeam positionsShared explorationLock speedFull tech treeHidden civsTurbo modeCheats
Victory
Defeat
🇲🇽 Sicilians · Mexico
771
+15
🇦🇺 Bengalis · Australia
746
-33
Obelix
3:03 Loom
10:56 Feudal Age
20:10 Forging
22:42 Castle Age
21:10 Scale Barding Armor
20:52 Double-Bit Axe
20:51 Horse Collar
22:06 Gold Mining
22:06 Stone Mining
22:16 Stone Mining
22:20 Fletching
26:36 Squires
Carlos Card Captor
2:01 Loom
10:24 Feudal Age
11:03 Double-Bit Axe
12:16 Horse Collar
16:39 Bloodlines
17:29 Forging
17:41 Scale Barding Armor
22:21 Castle Age
21:54 Scale Mail Armor
23:04 Wheelbarrow
22:38 Town Watch
25:27 Bow Saw
25:21 Heavy Plow
27:53 Pikeman
29:31 Masonry
35:45 Imperial Age
35:47 Ballistics
36:09 Hand Cart
35:55 Town Patrol
Connection lost

Rejoining the realm…

Still unreachable

The connection could not be restored.

Session expired

The server has moved on; the page needs a fresh start.